 Dungeon Sprint DCSS version 0.31.0-12-g77e489cdc1 (webtiles) character file.

Game seed: 6011289493880198702

28 James the Skirmisher (level 3, 0/20 HPs)
             Began as a Deep Elf Hunter on Feb 13, 2024.
             Slain by a human (6 damage)
             ... in the Dungeon (Sprint III: "The Ten Rune Challenge").
             The game lasted 00:01:10 (87 turns).

James the Skirmisher (Deep Elf Hunter)                Turns: 87, Time: 00:01:11

Health: 0/20       AC:  3    Str: 10    XL:     3   Next: 0%
Magic:  5/5        EV: 12    Int: 13    God:
Gold:   0          SH:  0    Dex: 18    Spells: 2/2 levels left

rFire   . . .        a - +0 shortbow
rCold   . . .        (shield currently unavailable)
rNeg    . . .        c - +0 leather armour
rPois   .            (no helmet)
rElec   .            (no cloak)
rCorr   .            (no gloves)
SInv    .            (no boots)
Will    .....        (no amulet)
Stlth   ++           (no ring)
HPRegen 0.23/turn    (no ring)
MPRegen 0.09/turn

%: no teleportation
@: no status effects
A: no striking features
a: no special abilities


You were in the Dungeon.
You visited 1 branch

Inventory:

Hand Weapons
 a - a +0 shortbow (weapon)
 b - a +0 club
   (You took it off Jessica in the Dungeon)
Armour
 c - a +0 leather armour (worn)
 j - a +0 leather armour
   (You found it in the Dungeon)
 l - a +0 robe
   (You took it off Jessica in the Dungeon)
Scrolls
 i - a scroll of blinking
 k - a scroll of poison {unknown}
 m - a scroll of butterflies
Potions
 d - a potion of curing {@q1}
 e - a potion of heal wounds {@q2}
 f - a potion of haste {@q3}
 g - 2 potions of magic
 h - a potion of berserk rage


   Skills:
 - Level 1.5 Fighting
 * Level 9.5 Ranged Weapons
 + Level 2.4 Dodging
 + Level 1.2 Stealth


You had 2 spell levels left.
You didn't know any spells.
Your spell library was empty.

Dungeon Overview and Level Annotations

Branches:
Dungeon (1/1)

Altars:


Message History

k - a scroll labelled FUAMPE BUUT Jessica the Apprentice Sorceress comes into view.
She is wielding a +0 club.
Jessica shouts!
You shoot an arrow. The arrow hits Jessica!
Jessica gestures at you while chanting. Pain shoots through your body!
You shoot an arrow. The arrow completely misses Jessica.
You shoot an arrow. The arrow hits Jessica.
You kill Jessica!
Your Ranged Weapons skill gained 3 levels and is now at level 9!
You have reached level 2!
You have reached level 3!
Your experience leads to an increase in your attributes!
Increase (S)trength, (I)ntelligence, or (D)exterity?
You feel stronger. x2
You start resting.
l - a +0 robe You see here a +0 club.
m - a +0 club Adjust (i)tems, (s)pells, or (a)bilities?
m - a +0 club Adjust to which letter? (? for menu, Esc to quit)
b - a +0 club;
m - a scroll of butterflies Your movement speed is average.
Your attack delay is about 0.9.
Your damage rating with your +0 shortbow is about 11 (Base 8 x 120% (Dex) x 122% (Skill)).
Unknown command.
Unknown command.
A human comes into view.
You aren't carrying any items that you can evoke.
Unknown command.
Okay, then.
Okay, then.
You shoot an arrow.
The arrow hits the human but does no damage.
You shoot an arrow. The arrow hits the human!
You shoot an arrow. The arrow hits the human.
You shoot an arrow. The arrow hits the human.
You shoot an arrow. The arrow hits the human!
You shoot an arrow. The arrow hits the human.
The human hits you.
You shoot an arrow. The arrow barely misses the human.
The human hits you.
You shoot an arrow. The arrow hits the human!
The human hits you.
You shoot an arrow. The arrow hits the human.
The human hits you!
* * * LOW HITPOINT WARNING * * *
You are too injured to fight recklessly!
Fire: a) +0 shortbow
Press: ? - help, Q - select action Shift-Dir - straight line, f/p - human
Aim: a human (almost dead, 56% to hit)
You shoot an arrow. The arrow closely misses the human.
The human hits you.
You die...

▓..##.......#
▓##.##.##...# .#
##.##.###..# ..#
▓#.####.##..# ...+
▓.###..##..##
#...# ▓#.....##..#
#....#
###..##...##.....#
##..##....#p.....#
#..###..##@# #..#
#..#### ▓▓▓▓ ▓▓▓▓


You could see a human.

Vanquished Creatures
  Jessica (D)
  An endoplasm (D)
  2 rats (D)
4 creatures vanquished.

Notes
Turn   | Place    | Note
-------+----------+-------------------------------------------
     0 | D        | James the Deep Elf Hunter began the quest for the Orb.
     0 | D        | Reached XP level 1. HP: 12/12 MP: 3/3
    15 | D        | Reached skill level 6 in Ranged Weapons
    42 | D        | Noticed Jessica
    45 | D        | Killed Jessica
    46 | D        | Reached skill level 9 in Ranged Weapons
    46 | D        | Reached XP level 2. HP: 12/16 MP: 4/4
    46 | D        | Reached XP level 3. HP: 15/20 MP: 5/5
    87 | D        | Slain by a human

Illustrated notes

Levels and vault maps discovered:
D:        dungeon_sprint_mu [sprint_mu_entry_cave, sprint_mu_temple_rooms,
          sprint_mu_d1_spiders, sprint_mu_d2_genie, sprint_mu_d3_branching,
          sprint_mu_orc_legion, sprint_mu_elf_gauntlet, sprint_mu_hive_nellie,
          sprint_mu_lair_fedhas, sprint_mu_vaults_butterflies,
          sprint_mu_slime_circle, sprint_mu_swamp_cave, sprint_mu_shoals_kraken,
          sprint_mu_blade_basic, sprint_mu_crypt_lich, sprint_mu_tomb_spiral,
          sprint_mu_vestibule_basic, sprint_mu_gehenna_hellfire,
          sprint_mu_dis_giant, sprint_mu_tartarus_statrot,
          sprint_mu_cocytus_islands, sprint_mu_zot1]

Skill      XL: |  1 |
---------------+----+-----
Ranged Weapons | 9 |  9.5
Fighting       | |  1.5
Dodging        | |  2.4
Stealth        | |  1.2

Action                     || total
---------------------------++-------
   Fire: Shortbow          ||    20
 Armour: Leather armour    ||     6
  Dodge: Dodged            ||     1
